 Dungeon Crawl Stone Soup version 0.23.2-30-g0e89c35649 (webtiles) character file.

Game seed: 8712781485205811323

30 Atelerd the Gusty (level 3, -9/30 HPs)
             Began as a Tengu Air Elementalist on June 19, 2019.
             Shot with an arrow by a centaur (13 damage)
             ... on level 2 of the Dungeon.
             The game lasted 00:01:16 (847 turns).

Atelerd the Gusty (Tengu Air Elementalist)           Turns: 847, Time: 00:01:16

Health: -9/30      AC:  2    Str: 13    XL:     3   Next: 20%
Magic:  4/7        EV: 13    Int: 16    God:
Gold:   75         SH:  0    Dex: 14    Spells: 3/6 levels left

rFire    . . .     SeeInvis .   k - +0 dagger
rCold    . . .     Gourm    .   (no shield)
rNeg     . . .     Faith    .   a - +0 robe
rPois    .         Spirit   .   (helmet restricted)
rElec    .         Reflect  .   (no cloak)
rCorr    .         Harm     .   (no gloves)
MR       .....                  (boots unavailable)
Stlth    ..........             (no amulet)
HPRegen  0.10/turn              b - ring of flight
MPRegen  0.10/turn              (no ring)

@: berserking, very quick
A: beak, talons 3
a: Evoke Flight


You were on level 2 of the Dungeon.
You were not hungry.

You visited 1 branch of the dungeon, and saw 2 of its levels.

You collected 75 gold pieces.

Inventory:

Hand Weapons
 k - a +0 dagger (weapon)
Armour
 a - a +0 robe (worn)
Jewellery
 b - a ring of flight (left hand)
Scrolls
 e - a scroll of enchant armour {unknown}
 g - a scroll of remove curse {unknown}
 h - a scroll of amnesia {unknown}
 i - 2 scrolls of noise {unknown}
 j - a scroll of teleportation {unknown}
 l - a scroll of identify {unknown}
 n - a scroll of magic mapping {unknown}
Potions
 d - a potion of agility {unknown}
 m - a potion of might {unknown}
Comestibles
 c - 4 rations


   Skills:
 + Level 1.1 Fighting
 + Level 2.7 Dodging
 - Level 2.0 Stealth
 + Level 2.3 Spellcasting
 + Level 2.3 Conjurations
 - Level 4.0 Air Magic


You had 3 spell levels left.
You knew the following spells:

 Your Spells              Type           Power        Failure   Level  Hunger
a - Shock                 Conj/Air       ##..         5%          1    #......
b - Swiftness             Chrm/Air       #.......     13%         2    ###....

Your spell library contained the following spells:

 Spells                   Type           Power        Failure   Level  Hunger
 Static Discharge         Conj/Air       ##......     16%         3    ###....
 Airstrike                Air            ##........   36%         4    #####..
 Lightning Bolt           Conj/Air       ##........   83%         5    ######.


Dungeon Overview and Level Annotations

Branches:
Dungeon (2/15)

Altars:


Innate Abilities, Weirdness & Mutations

You have a beak for a mouth.
You have claws for feet.


Message History

Aiming: Shock (safe; 5% risk of failure)
Press: ? - help, Shift-Dir - straight line, f/p - centaur
Aim: a centaur (lightly wounded)
The zap hits the centaur but does no damage.
The centaur is lightly wounded.
The centaur barely misses you. The centaur hits you.
* * * LOW HITPOINT WARNING * * *
It was a potion of berserk rage.
A red film seems to cover your vision as you go berserk!
You feel yourself moving faster!
You feel mighty!
You hit the worm.
The worm is moderately wounded.
The worm completely misses you.
You hit the worm.
The worm is moderately wounded.
You hit the worm. You peck the worm!
You kill the worm!
The centaur wields a +0 shortbow.
The centaur shoots an arrow.
The arrow hits you!
You die...

≈≈≈≈≈≈. ♣♣≈≈≈≈. _.≈≈≈..
≈?≈≈≈≈.##### ≈≈≈≈≈...(..##
####### ≈≈≈≈≈≈.###((#####
#......
≈≈≈≈≈.....c.....####.#####
..≈...).##.##...........##
.....≈...@..#...####.##.##
.##..#.###..##### #......
.>........# ####<##
##....##.#.# ##.(.
###.##.#.###### #..#.
#...........# ##...
#.##..))....# ##.#
#.##........# ###.#
#.##........# #...#


You could see a centaur.

Vanquished Creatures
  A worm (D:2)
  A dart slug (D:1)
  A ball python (D:1)
  A bat (D:1)
  5 goblins
  5 hobgoblins
  A jackal (D:1)
  5 kobolds (D:1)
  A frilled lizard (D:1)
  A rat (D:1)
22 creatures vanquished.

Notes
Turn   | Place    | Note
-------+----------+-------------------------------------------
     0 | D:1      | Atelerd the Tengu Air Elementalist began the quest for the
                  | Orb.
     0 | D:1      | Reached XP level 1. HP: 10/10 MP: 4/4
   215 | D:1      | Reached XP level 2. HP: 14/16 MP: 6/6
   524 | D:1      | Reached skill level 1 in Fighting
   736 | D:2      | Reached XP level 3. HP: 20/20 MP: 7/7
   744 | D:2      | Noticed a centaur
   793 | D:2      | Learned a level 2 spell: Swiftness
   828 | D:2      | Found a faded altar of an unknown god.
   847 | D:2      | Shot with an arrow by a centaur

Skill      XL: |  1  2 |
---------------+-------+-----
Conjurations   | 2 |  2.3
Fighting       | 1 |  1.1
Dodging        | |  2.7
Stealth        | |  2.0
Spellcasting   | |  2.3
Air Magic      | |  4.0

Action                   || total
-------------------------++-------
Melee: Unarmed           ||    17
       Kick              ||     7
       Peck              ||     6
       Dagger            ||    23
 Cast: Shock             ||    26
  Use: Potion            ||     1
 Stab: Sleeping          ||     2
Armor: Robe              ||     6
Dodge: Dodged            ||    35
